 Dungeon Crawl Stone Soup version 0.20.1-1-g8b1a95d (webtiles) character file.

30 Gerstahl the Charmwright (level 3, -2/33 HPs)
             Began as a Naga Skald on Nov 28, 2017.
             Slain by Terence
             ... wielding a +3 vampiric trident
              (10 damage)
             ... on level 2 of the Dungeon.
             The game lasted 00:01:51 (1030 turns).

Gerstahl the Charmwright (Naga Skald)               Turns: 1030, Time: 00:01:52

Health: -2/33      AC:  2    Str: 14    XL:     3   Next: 18%
Magic:  5/6        EV:  9    Int: 13    God:
Gold:   54         SH:  0    Dex: 10    Spells: 5/6 levels left

rFire    . . .     SeeInvis +   a - +0 falchion
rCold    . . .     Gourm    .   (no shield)
rNeg     . . .     Faith    .   b - +0 leather armour
rPois    +         Spirit   .   (no helmet)
rElec    .         Reflect  .   (no cloak)
rCorr    .         Harm     .   (no gloves)
MR       .....                  (no barding)
Stlth    +.........             (no amulet)
Regen    0.2/turn               (no ring)
MPRegen  0.1/turn               (no ring)

@: infused, very slow
A: see invisible, deformed body, poison resistance, slowness 2, slow metabolism
1, spit poison 1, AC +1
a: Spit Poison


You were on level 2 of the Dungeon.
You were not hungry.

You visited 1 branch of the dungeon, and saw 2 of its levels.

You collected 54 gold pieces.

Inventory:

Hand Weapons
 a - a +0 falchion (weapon)
Armour
 b - a +0 leather armour (worn)
Scrolls
 i - a scroll of teleportation {unknown}
Potions
 e - a potion of heal wounds {unknown}
 g - a potion of might {unknown}
 h - a potion of flight {unknown}
Books
 c - a book of Battle

   Spells                             Type                      Level
   a - Infusion                       Charms                       1
   b - Shroud of Golubria             Charms/Translocation         2
   c - Song of Slaying                Charms                       2
   d - Spectral Weapon                Hexes/Charms                 3
   e - Regeneration                   Charms/Necromancy            3
Comestibles
 d - 3 bread rations
 f - 2 meat rations


   Skills:
 + Level 2.9 Fighting
 + Level 2.8 Long Blades
 - Level 0.7 Armour
 - Level 1.5 Dodging
 - Level 2.0 Spellcasting
 - Level 3.0 Charms


You had 5 spell levels left.
You knew the following spells:

 Your Spells              Type           Power        Failure   Level  Hunger
a - Infusion              Chrm           #...         10%         1    ##.....


Dungeon Overview and Level Annotations

Branches:
Dungeon (2/15)

Altars:

Annotations:
D:2 Terence


Innate Abilities, Weirdness & Mutations

You cannot wear boots.
Your serpentine skin is tough. (AC +1)
You have supernaturally acute eyesight. (SInv)
Armour fits poorly on your strangely shaped body.
Your system is resistant to poisons. (rPois)
You cover ground very slowly.
You have a slow metabolism.
You can spit poison.


Message History

You have reached level 3!
Your experience leads to an increase in your attributes!
Increase (S)trength, (I)ntelligence, or (D)exterity?
You feel stronger.
Your skin feels tougher.
Terence closely misses you.
You have got your breath back.
Terence hits you from afar with a vampiric trident.
Terence closely misses you.
Terence hits you with a vampiric trident.
You barely miss Terence.
Terence hits you with a vampiric trident!
Casting: Infusion
Confirm with . or Enter, or press ? or * to list all spells.
You begin infusing your attacks with magical energy.
Terence hits you with a vampiric trident!
* * * LOW HITPOINT WARNING * * *
You slash Terence!
Terence is heavily wounded.
Terence hits you with a vampiric trident!
You die...

..... ...## ###...
<...###
....####!...?
#####....#....#
#........#...###.##
#.....†s........
.#s..[..###....
#@###..# # #@# #<(#
#.# #.<# #......#
#####..# #..# #..#
#..# .#(.


You could see Terence and a giant cockroach.

Vanquished Creatures
  An adder (D:2)
  A leopard gecko (D:1)
  3 bats
  A giant cockroach (D:1)
  2 goblins (D:1)
  2 hobgoblins (D:1)
  A ball python (D:1)
  A frilled lizard (D:1)
  5 kobolds
  4 rats (D:1)
21 creatures vanquished.

Notes
Turn   | Place    | Note
-------+----------+-------------------------------------------
     0 | D:1      | Gerstahl the Naga Skald began the quest for the Orb.
     0 | D:1      | Reached XP level 1. HP: 19/19 MP: 3/3
   189 | D:1      | Reached XP level 2. HP: 26/26 MP: 5/5
  1017 | D:2      | Noticed Terence
  1022 | D:2      | Reached XP level 3. HP: 33/33 MP: 6/6
  1030 | D:2      | Slain by Terence

Action                   || total
-------------------------++-------
Melee: Falchion          ||    71
 Cast: Infusion          ||     1
 Abil: Spit Poison       ||     1
Armor: Leather armour    ||    18
Dodge: Dodged            ||    47
       Rpst.: Falchion   ||    13
